 Dungeon Crawl Stone Soup version 0.29-a0-334-gb41bcbb86e (webtiles) character file.

Game seed: 4799291673526905456

28 psuckher the Grave Robber (level 3, -13/19 HPs)
             Began as a Deep Elf Necromancer on Apr 13, 2022.
             Mangled by Terence
             ... wielding a +0 flail
              (14 damage)
             ... on level 2 of the Dungeon.
             The game lasted 00:08:16 (1578 turns).

psuckher the Grave Robber (Deep Elf Necromancer)    Turns: 1578, Time: 00:08:17

Health: -13/19     AC:  2    Str:  5    XL:     3   Next: 0%
Magic:  7/10       EV: 12    Int: 27    God:
Gold:   134        SH:  0    Dex: 15    Spells: 7/9 levels left

rFire   . . .      SeeInvis .   f - +0 dagger (speed)
rCold   . . .      Faith    .   (no shield)
rNeg    . . .      Spirit   .   a - +0 robe
rPois   .          Reflect  .   (no helmet)
rElec   .          Harm     .   (no cloak)
rCorr   .          Rampage  .   (no gloves)
Will    .....                   (no boots)
Stlth   ++........              (no amulet)
HPRegen 0.06/turn               i - +6 ring of intelligence
MPRegen 0.12/turn               (no ring)

@: no status effects
A: no striking features
a: no special abilities


You were on level 2 of the Dungeon.
You visited 1 branch of the dungeon, and saw 2 of its levels.

You collected 134 gold pieces.

Inventory:

Hand Weapons
 f - a +0 dagger of speed (weapon)
Armour
 a - a +0 robe (worn)
 d - a +0 ring mail
Jewellery
 i - a +6 ring of intelligence (left hand)
Wands
 h - a wand of digging (5)
Scrolls
 c - a scroll of identify {unknown}
 g - a scroll of immolation {unknown}
Potions
 b - a potion of magic


   Skills:
 + Level 2.5 Dodging
 + Level 2.7 Stealth
 + Level 3.6 Spellcasting
 + Level 5.5 Necromancy


You had 7 spell levels left.
You knew the following spells:

 Your Spells              Type           Power      Damage    Failure   Level
a - Pain                  Necr           100%       1d9       1%          1
b - Animate Skeleton      Necr           68%        N/A       1%          1

Your spell library contained the following spells:

 Spells                   Type           Power      Damage    Failure   Level
 Vampiric Draining        Necr           34%        2d8       2%          3
 Animate Dead             Necr           17%        N/A       9%          4
 Agony                    Necr           34%        N/A       24%         5


Dungeon Overview and Level Annotations

Branches:
Dungeon (2/15)

Altars:

Annotations:
D:2 Terence


Message History

You feel clever. x2
Terence shouts! x2
Throw: dart (datura)
Press: ? - help, Q - select action, (/) - cycle Shift-Dir - straight line, f/p - Terence
Aim: Terence, wielding a +0 flail and wearing a +0 chain mail (fast, strong, frenzied and insane, 65% to hit, immune)
You throw a datura-tipped dart.
The datura-tipped dart barely misses Terence.
Terence shouts!
Casting: Pain (safe; 1% risk of failure)
Confirm with . or Enter, or press ? or * to list all spells.
You don't know that spell.
Casting: Pain (safe; 1% risk of failure)
Confirm with . or Enter, or press ? or * to list all spells.
Aiming: Pain (safe; 1% risk of failure)
Press: ? - help, Shift-Dir - straight line, f/p - Terence
Aim: Terence, wielding a +0 flail and wearing a +0 chain mail (fast, strong, frenzied and insane, chance to affect: 88%) Terence writhes in agony.
Casting: Pain (safe; 1% risk of failure)
Confirm with . or Enter, or press ? or * to list all spells.
Aiming: Pain (safe; 1% risk of failure)
Press: ? - help, Shift-Dir - straight line, f/p - Terence
Aim: Terence, wielding a +0 flail and wearing a +0 chain mail (lightly wounded, fast, strong, frenzied and insane, chance to affect: 88%) Terence writhes in agony.
Terence barely misses you.
Casting: Pain (safe; 1% risk of failure)
Confirm with . or Enter, or press ? or * to list all spells.
Aiming: Pain (safe; 1% risk of failure)
Press: ? - help, Shift-Dir - straight line, f/p - Terence
Aim: Terence, wielding a +0 flail and wearing a +0 chain mail (moderately wounded, fast, strong, frenzied and insane, chance to affect: 88%) Terence writhes in agony.
Terence barely misses you. Terence hits you with a +0 flail!
Ouch! That really hurt!
* * * LOW HITPOINT WARNING * * *
As you read the scroll labelled DARIFA MOLUWOC, it crumbles to dust.
You feel a surge of unholy energy.
Terence convulses!
It was a scroll of torment.
Terence barely misses you.
As you read the scroll labelled MIXETI MUITI, it crumbles to dust.
The scroll dissolves into smoke.
It was a scroll of fog.
Terence hits you with a +0 flail!
Ouch! That really hurt!
You die...

#.##.##.####.#.#.########
#.#..##.# #.#..........#
#.#.###.# #.###.######.#
#.#.###.####.###.#
#.......##.......#
#.#.#.####.......#
#.#.#.# #..§.§§§# #.#.#.#
#(..§§§.# #.#.#.#
#(..@@§.#
#.#.#.##.....§§§.#
#.....##.#.......#
###.### ######### #.# #
## #.# #.#... ###
#.####.#.## ..#
#.#........ .# #.#
#.........# .###


You could see the neutral Terence (fast, strong, insane).

Vanquished Creatures
  A gnoll (D:1)
  A dart slug (D:2)
  A worm (D:2)
  An endoplasm (D:1)
  A giant cockroach (D:1)
  A goblin (D:1)
  2 bats (D:1)
  A frilled lizard (D:1)
  4 kobolds (D:1)
  2 rats (D:1)
15 creatures vanquished.

Vanquished Creatures (collateral kills)
  A hobgoblin (D:2)
1 creature vanquished.

Grand Total: 16 creatures vanquished

Notes
Turn   | Place    | Note
-------+----------+-------------------------------------------
     0 | D:1      | psuckher the Deep Elf Necromancer began the quest for the
                  | Orb.
     0 | D:1      | Reached XP level 1. HP: 10/10 MP: 6/6
   205 | D:1      | Reached skill level 5 in Necromancy
   686 | D:1      | Reached XP level 2. HP: 14/15 MP: 6/8
   795 | D:1      | Learned a level 1 spell: Animate Skeleton
  1277 | D:2      | Found a faded altar of an unknown god.
  1564 | D:2      | Noticed Terence
  1572 | D:2      | Reached XP level 3. HP: 19/19 MP: 10/10
  1578 | D:2      | Mangled by Terence

Illustrated notes

Levels and vault maps discovered:
D:1:      tarquinn_simple_flora_water_d, layout_basic,
          chequers_serial_rivers_micro_b
D:2:      layout_loops_cross, chequers_ecumenical_altar_simple, uniq_terence

Skill      XL: |  1 |
---------------+----+-----
Necromancy     | 5 |  5.5
Dodging        | |  2.5
Stealth        | |  2.7
Spellcasting   | |  3.6

Action                   || total
-------------------------++-------
Melee: Unarmed           ||     7
       Dagger            ||     9
       Punch             ||     1
Throw: Dart              ||     2
 Cast: Pain              ||    27
       Animate Skeleton  ||     1
  Use: Scroll            ||     2
 Stab: Sleeping          ||     1
Armor: Robe              ||     8
Dodge: Dodged            ||    12

Table legend: (Time is in decaauts)
 A = Elapsed time spent in this place.
 B = Non-inter-level travel time spent in this place.
 C = Inter-level travel time spent in this place.
 D = Time resting spent in this place.
 E = Time spent auto-exploring this place.
 F = Levels seen in this place.
 G = Mean time per level.
                   A        B        C        D        E       F      G
               +--------+--------+--------+--------+--------+-----+--------+
         Total |   1575 |   1262 |    313 |      0 |    221 |   2 |  787.5 |
       Dungeon |   1575 |   1262 |    313 |      0 |    221 |   2 |  787.5 |
               +--------+--------+--------+--------+--------+-----+--------+

Top non-repeatable levels by time:
     D:1: 1274 daAuts
     D:2: 301 daAuts
